 Dungeon Crawl Stone Soup version 0.29.1-1-gd02db6906a (webtiles) character file.

Game seed: 9819876450140901940

13 Sabo the Shield-Bearer (level 2, 0/27 HPs)
             Began as a Minotaur Fighter on Oct 22, 2022.
             Succumbed to a goblin's poison
             ... on level 1 of the Dungeon.
             The game lasted 00:02:20 (915 turns).

Sabo the Shield-Bearer (Minotaur Fighter)            Turns: 915, Time: 00:02:20

Health: 0/27       AC:  7    Str: 20    XL:     2   Next: 24%
Magic:  1/1        EV:  9    Int:  5    God:
Gold:   18         SH:  4    Dex:  9    Spells: 1/1 levels left

rFire   . . .      SeeInvis .   a - +0 war axe
rCold   . . .      Faith    .   c - +0 buckler
rNeg    . . .      Spirit   .   b - +0 scale mail
rPois   .          Reflect  .   (helmet restricted)
rElec   .          Harm     .   (no cloak)
rCorr   .          Rampage  .   (no gloves)
Will    .....                   (no boots)
Stlth   ..........              (no amulet)
HPRegen 0.09/turn               (no ring)
MPRegen 0.07/turn               (no ring)

@: lethally poisoned (0 -> -21)
A: horns 2, retaliatory headbutt
a: no special abilities


You were on level 1 of the Dungeon.
You visited 1 branch of the dungeon, and saw 1 of its levels.

You collected 18 gold pieces.

Inventory:

Hand Weapons
 a - a +0 war axe (weapon)
Missiles
 h - 4 poisoned darts (quivered)
Armour
 b - a +0 scale mail (worn)
 c - a +0 buckler (worn)
Scrolls
 e - a scroll of enchant armour {unknown}
 f - a scroll of teleportation {unknown}
 g - 2 scrolls of identify {unknown}
Potions
 d - a potion of might


   Skills:
 + Level 3.8 Fighting
 + Level 2.4 Axes
 + Level 4.0 Armour
 + Level 4.0 Shields


You had one spell level left.
You didn't know any spells.
Your spell library contained the following spells:

 Spells                   Type           Power      Damage    Failure   Level
 Slow                     Hex            0%         N/A       89%         1
 Conjure Flame            Conj/Fire      0%         6-21      99%         3
 Ignite Poison            Fire/Tmut/Pois 0%         N/A       99%         3
 Sticky Flame             Conj/Fire      0%         2d3       100%        4
 Metabolic Englaciation   Hex/Ice        0%         N/A       100%        5
 Summon Forest            Summ/Tloc      0%         N/A       100%        5
 Summon Mana Viper        Hex/Summ       0%         N/A       100%        5
 Summon Cactus Giant      Summ           0%         N/A       100%        6


Dungeon Overview and Level Annotations

Branches:
Dungeon (1/15)

Altars:


Innate Abilities, Weirdness & Mutations

You have a pair of horns on your head.
You reflexively headbutt those who attack you in melee.


Message History

The bat hits you but does no damage.
The kobold throws a stone.
You block the stone.
You slash the bat!
You kill the bat!
The kobold throws a stone.
The stone hits you but does no damage. The goblin hits you but does no damage.
You are poisoned.
You barely miss the goblin.
You feel very sick.
An endoplasm comes into view.
The goblin completely misses you.
The endoplasm quivers.
You hit the goblin.
The goblin is heavily wounded.
You feel sick. The goblin hits you but does no damage.
You are more poisoned.
You feel very sick. The goblin barely misses you.
A bat comes into view.
You feel sick. The kobold hits you but does no damage.
You completely miss the kobold. You hit the goblin but do no damage.
You feel very sick. You block the bat's attack. The kobold closely misses you.
You block the goblin's attack. The goblin hits you but does no damage.
You are lethally poisoned!
The endoplasm hits you. The kobold barely misses you. You furiously retaliate!
You headbutt the kobold.
You kill the kobold!
Your Armour skill increases to level 4!
You closely miss the goblin.
The goblin is heavily wounded.
You hit the endoplasm but do no damage.
* * * LOW HITPOINT WARNING * * *
You feel very sick. You block the bat's attack.
The endoplasm hits you but does no damage.
The goblin hits you but does no damage.
You are more poisoned.
You hit the endoplasm but do no damage. You barely miss the goblin.
You die...

#.############.#
#..............#
#.############.#
#.# #.###
#+#####.# #....
........#######
#####
......†...$....
.......g#######
.....b.@.....#
#+###..)J....#
#........#
#........#
#..........
#..........
#..........
#..........


You could see an endoplasm, a goblin and a bat.

Vanquished Creatures
  A bat (D:1)
  An endoplasm (D:1)
  A giant cockroach (D:1)
  A goblin (D:1)
  2 hobgoblins (D:1)
  A quokka (D:1)
  2 frilled lizards (D:1)
  A kobold (D:1)
  2 rats (D:1)
12 creatures vanquished.

Notes
Turn   | Place    | Note
-------+----------+-------------------------------------------
     0 | D:1      | Sabo the Minotaur Fighter began the quest for the Orb.
     0 | D:1      | Reached XP level 1. HP: 19/19 MP: 0/0
    46 | D:1      | Got the Tractate on Beguiling
   602 | D:1      | Reached XP level 2. HP: 27/27 MP: 1/1
   915 | D:1      | Succumbed to a goblin's poison

Illustrated notes

Levels and vault maps discovered:
D:1:      co_arrival_square_in_a_square_in_a_square, layout_basic,
          minmay_misc_feat_doors

Skill      XL: |  1  2 |
---------------+-------+-----
Shields        | 4 |  4.0
Armour         | 4 |  4.0
Fighting       | |  3.8
Axes           | |  2.4

Action                   || total
-------------------------++-------
Melee: War axe           ||    31
       Headbutt          ||     4
Armor: Scale mail        ||    23
Dodge: Dodged            ||    15
Block: Buckler           ||    10
